 Dungeon Crawl Stone Soup version 0.29.1-12-g30fa7ad0bf (webtiles) character file.

Game seed: 12454277876004614651

32 H0rd4k the Charlatan (level 3, -1/24 HPs)
             Began as an Octopode Artificer on Dec 21, 2022.
             Slain by a goblin
             ... wielding a +0 club
             ... led by Robin
              (4 damage)
             ... on level 2 of the Dungeon.
             The game lasted 00:01:08 (1190 turns).

H0rd4k the Charlatan (Octopode Artificer)           Turns: 1190, Time: 00:01:08

Health: -1/24      AC:  1    Str: 11    XL:     3   Next: 27%
Magic:  5/5        EV: 13    Int: 15    God:
Gold:   91         SH:  0    Dex: 12    Spells: 4/4 levels left

rFire   . . .      SeeInvis .   (no weapon)
rCold   . . .      Faith    .   (no shield)
rNeg    . . .      Spirit   .   (helmet restricted)
rPois   .          Reflect  .   g - amulet of the acrobat
rElec   .          Harm     .   f - ring of wizardry
rCorr   .          Rampage  .   (no ring)
Will    .....                   (no ring)
Stlth   +++.......              (no ring)
HPRegen 0.08/turn               (no ring)
MPRegen 0.09/turn               (no ring)
                                (no ring)
                                (no ring)

@: no status effects
A: almost no armour, amphibious, 8 rings, camouflage 1, gelatinous body 1,
(nimble swimmer 1), tentacles
a: no special abilities


You were on level 2 of the Dungeon.
You visited 1 branch of the dungeon, and saw 2 of its levels.

You collected 91 gold pieces.

Inventory:

Missiles
 h - 4 poisoned darts
Jewellery
 f - a ring of wizardry (left tentacle)
 g - an amulet of the acrobat (around mantle)
Wands
 b - a wand of flame (13) (quivered)
 c - a wand of charming (10)
 d - a wand of iceblast (5)
Scrolls
 a - 2 scrolls of teleportation {unknown}
 e - 2 scrolls of noise {unknown}
 i - a scroll of silence {unknown}
 k - a scroll of magic mapping {unknown}
 l - a scroll of fear {unknown}
Potions
 j - 2 potions of resistance {unknown}


   Skills:
 * Level 2.1 Fighting
 - Level 2.3 Dodging
 - Level 1.3 Stealth
 + Level 0.8 Unarmed Combat
 * Level 1.4 Spellcasting
 - Level 3.2 Evocations


You had 4 spell levels left.
You didn't know any spells.
Your spell library was empty.

Dungeon Overview and Level Annotations

Branches:
Dungeon (2/15)

Altars:
Vehumet

Annotations:
D:2 Robin


Innate Abilities, Weirdness & Mutations

You cannot wear most types of armour.
You are amphibious.
You can wear up to eight rings at the same time.
Your skin changes colour to match your surroundings (Stealth+).
Your rubbery body absorbs attacks. (AC +1, EV +1)
((You are camouflaged when in or above water. (Stealth+)))
You have tentacles for arms and can constrict up to eight enemies at once.


Message History

t - Shout!
Orders for allies: a - Attack new target. p - Attack previous target. r - Retreat! s - Stop attacking. g - Guard the area. f - Follow me.
Anything else - Cancel.
Okay, then.
Unknown command.
Unknown command.
Unknown command.
Aiming: Throw Flame
Press: ? - help, Shift-Dir - straight line, f/p - goblin
Aim: a goblin, wielding a +0 dagger (severely wounded, ally target, 64% to hit)
The puff of flame misses the goblin.
Unknown command.
Aiming: Throw Flame
Press: ? - help, Shift-Dir - straight line, f/p - goblin
Aim: a goblin, wielding a +0 dagger (severely wounded, ally target, 64% to hit)
The puff of flame hits the goblin.
You kill the goblin!
Your goblin no longer looks unusually strong.
The hobgoblin hits your goblin.
Your goblin dies!
The hobgoblin no longer looks unusually strong.
A goblin comes into view. It is wielding a +0 club.
The goblin barely misses you.
Aiming: Charm
Press: ? - help, Shift-Dir - straight line, f - goblin
Aim: a goblin, wielding a +0 dagger (chance to affect: 73%)
The goblin is charmed.
The goblin barely misses you.
Unknown command.
You swap places.
The goblin misses you. x2
The goblin completely misses you. The goblin misses you.
The goblin attacks as you move away! The goblin closely misses you.
Your goblin barely misses the goblin.
The goblin attacks as you move away! The goblin barely misses you.
There is a stone staircase leading down here.
The goblin hits you with a +0 club.
* * * LOW HITPOINT WARNING * * *
The goblin hits you with a +0 club.
You die...

.##########
........g.#..
........g@#.#
.......g#.#.#
........#.#.# #
########.#.#.####.#
#.g.g..g.#).......#
#.########†.......#
#.....g.g)).._..#.
#############......#
...................#


You could see 2 goblins and a friendly goblin (charmed).

Vanquished Creatures
  An adder (D:2)
  2 ball pythons (D:1)
  A giant cockroach (D:2)
  3 goblins
  2 hobgoblins (D:1)
  4 kobolds
  A quokka (D:1)
  2 bats
  2 frilled lizards
  3 rats (D:1)
21 creatures vanquished.

Vanquished Creatures (collateral kills)
  A goblin (D:2)
  A hobgoblin (D:2)
2 creatures vanquished.

Vanquished Creatures (others)
  3 goblins (D:2)
3 creatures vanquished.

Grand Total: 26 creatures vanquished

Notes
Turn   | Place    | Note
-------+----------+-------------------------------------------
     0 | D:1      | H0rd4k the Octopode Artificer began the quest for the Orb.
     0 | D:1      | Reached XP level 1. HP: 13/13 MP: 1/1
   292 | D:1      | Reached XP level 2. HP: 13/18 MP: 1/3
   499 | D:1      | Reached skill level 1 in Spellcasting
   910 | D:2      | Reached XP level 3. HP: 22/24 MP: 4/4
   957 | D:2      | Found a faded altar of an unknown god.
  1120 | D:2      | Found a radiant altar of Vehumet.
  1153 | D:2      | Noticed Robin
  1190 | D:2      | Slain by a goblin

Illustrated notes

Levels and vault maps discovered:
D:1:      minmay_arrival_glassed_features, layout_rooms, minmay_misc_feat_doors
D:2:      layout_basic, basic_altar, dilly_ecumenical_altar_fadedgnrine,
          chequers_garden, serial_bayou_pond_c, uniq_robin

Skill      XL: |  1  2 |
---------------+-------+-----
Spellcasting   | 1 |  1.4
Fighting       | 2 |  2.1
Dodging        | |  2.3
Stealth        | |  1.3
Unarmed Combat | |  0.8
Evocations     | |  3.2

Action                   || total
-------------------------++-------
Melee: Unarmed           ||    48
       Constrict         ||    17
       Tentacles         ||    12
       Punch             ||     1
Evoke: Wand              ||     7
 Stab: Sleeping          ||     4
Armor: Skin              ||     4
Dodge: Dodged            ||    51
